Map: Traitor's Exile

Players

DoeRaeMe

  • Race: Zerg Zerg
  • League: Master
  • Spawn Location: 9:00

Morewood

  • Race: Zerg Zerg
  • League: Diamond
  • Spawn Location: 12:00

PureLegacy - Winner!

  • Race: Terran Terran
  • Spawn Location: 6:00

InfernoWolf - Winner!

  • Race: Zerg Zerg
  • Spawn Location: 5:00

VOD

Have the link to the VOD?

Description

Time

  • Played on: Nov. 27, 2018, 4:17 p.m.
  • Length: 10:37
Show
View Real Time Build Order
Export as new Build Order

DoeRaeMe Zerg 

Build Orders: Pool First 

Get SALT Encoding   

  12  0:02  Drone  
  13  0:09  Extractor  
  12  0:27  Spawning Pool  
  11  0:32  Drone  
  12  0:35  Drone  
  13  0:48  Overlord  
  13  0:54  Drone  
  14  1:14  Queen  
  14  1:18  Metabolic Boost  
  16  1:27  Zergling x4  
  16  1:31  Zergling x2  
  19  1:41  Overlord  
  19  1:54  Drone  
  20  2:08  Hatchery  
  19  2:10  Drone  
  20  2:24  Queen  
  21  2:30  Drone x2  
  23  2:39  Drone  
  23  2:40  Drone  
  23  2:42  Drone  
  26  2:59  Zergling x4  
  26  3:03  Zergling x2  
  26  3:04  Zergling x2  
  29  3:07  Overlord  
  29  3:20  Zergling x4  
  29  3:26  Baneling Nest  
  30  3:35  Queen  
  30  3:38  Zergling x4  
  32  3:52  Zergling x4  
  30  4:04  Drone  
  31  4:22  Zergling x6  
  31  4:23  Zergling x6  
  35  4:28  Baneling x2  
  35  4:29  Zergling x2  
  35  4:31  Baneling  
  36  4:35  Zergling x2  
  37  4:40  Drone x2  
  38  4:59  Drone x4  
  39  5:00  Drone  
  39  5:01  Drone x2  
  39  5:03  Drone  
  41  5:10  Overlord  
  41  5:16  Drone  
  42  5:23  Drone  
  42  5:26  Overlord x2  
  43  5:32  Drone x4  
  46  5:51  Zergling x2  
  46  5:52  Zergling x6  
  46  5:55  Zergling x4  
  46  5:56  Zergling x4  
  53  6:03  Zergling x6  
  55  6:04  Roach Warren  
  55  6:07  Zergling x4  
  53  6:20  Zergling x4  
  53  6:23  Zergling x4  
  52  6:41  Overlord x2  
  52  6:44  Roach x4  
  52  6:46  Extractor  
  57  6:51  Roach x3  
  63  6:59  Roach x2  
  67  7:02  Drone  
  67  7:03  Drone x2  
  70  7:16  Roach x2, Hatchery  
  73  7:26  Roach  
  73  7:27  Overlord x2  
  73  7:33  Zergling x8  
  73  7:34  Queen  
  76  7:46  Roach x2  
  76  7:47  Roach  
  76  7:49  Zergling x6  
  84  8:05  Roach  
  79  8:06  Roach x2  
  79  8:08  Roach x2  
  79  8:09  Roach  
  85  8:14  Roach  
  85  8:16  Extractor  
  85  8:17  Roach  
  88  8:22  Roach  
  88  8:25  Roach  
  92  8:31  Roach  
  94  8:37  Roach  
  94  8:40  Roach  
  81  8:42  Queen x2  
  81  8:46  Roach  
  75  8:50  Roach  
  61  8:59  Roach  
  33  9:19  Zergling x6  
  30  9:42  Drone  
  31  9:51  Drone x2  
  31  9:52  Drone x5  
  38  9:58  Drone  
  39  10:05  Drone  
Show
View Real Time Build Order
Export as new Build Order

Morewood Zerg 

Build Orders: Pool First 

Get SALT Encoding   

  12  0:01  Drone  
  13  0:14  Overlord  
  13  0:18  Drone  
  14  0:33  Drone  
  14  0:34  Drone  
  16  0:38  Drone  
  17  0:50  Spawning Pool  
  17  0:51  Drone  
  17  1:18  Drone  
  18  1:19  Drone  
  18  1:22  Hatchery, Extractor  
  17  1:27  Drone  
  18  1:33  Drone  
  19  1:45  Overlord  
  19  1:53  Drone, Queen  
  22  2:04  Zergling x2  
  23  2:29  Queen  
  25  2:33  Metabolic Boost  
  25  2:34  Queen  
  25  2:36  Zergling x4  
  29  2:37  Drone x2  
  31  2:47  Zergling x2  
  31  2:52  Zergling x2  
  32  3:00  Zergling x4  
  32  3:04  Overlord  
  34  3:06  Overlord  
  32  3:15  Zergling x6  
  35  3:22  Queen  
  37  3:29  Roach Warren  
  37  3:31  Baneling Nest  
  37  3:32  Zergling x4  
  38  3:35  Drone  
  39  3:46  Zergling x8  
  41  4:00  Zergling x2  
  41  4:17  Overlord  
  40  4:25  Baneling  
  40  4:26  Baneling  
  40  4:27  Zergling x8  
  40  4:28  Drone, Zergling x4  
  40  4:29  Drone x3  
  47  4:38  Zergling x4  
  47  4:50  Baneling x2  
  47  4:51  Baneling x3  
  44  4:53  Drone x6  
  50  5:08  Drone x4  
  50  5:13  Roach Warren  
  53  5:15  Lair  
  53  5:21  Drone x2  
  53  5:22  Drone  
  53  5:23  Drone  
  53  5:27  Drone  
  53  5:28  Drone  
  59  5:43  Extractor  
  59  5:46  Hatchery  
  51  6:01  Roach, Overlord x2  
  51  6:05  Extractor  
  51  6:06  Extractor  
  47  6:15  Roach x6  
  47  6:16  Evolution Chamber  
  57  6:21  Roach x2  
  57  6:22  Roach  
  61  6:28  Roach  
  63  6:38  Roach x3  
  69  6:45  Roach x3  
  75  6:52  Roach  
  75  6:53  Overlord x2  
  75  6:58  Drone  
  75  6:59  Glial Reconstitution  
  75  7:00  Drone x2  
  78  7:05  Queen x2  
  65  7:25  Ravager  
  65  7:26  Ravager  
  65  7:34  Roach x7  
  65  7:35  Roach x2  
  77  7:39  Roach  
  77  7:43  Roach x2  
  70  7:51  Roach  
  70  7:52  Roach x2  
  59  8:13  Roach x4  
  65  8:32  Roach x4  
  73  8:34  Drone x2  
  73  8:38  Drone  
  73  8:40  Drone x2  
  78  8:59  Roach x2  
  78  9:00  Roach x4  
  90  9:07  Drone x2  
  90  9:08  Drone x4  
  96  9:31  Drone  
  96  9:32  Drone  
  98  9:41  Overlord x3  
  98  9:44  Queen, Extractor x2  
  98  9:47  Spore Crawler  
  98  9:49  Evolution Chamber, Queen  
  98  9:52  Evolution Chamber  
  97  9:55  Hydralisk Den  
  97  9:57  Queen  
  98  10:06  Ravager x2  
  95  10:18  Drone  
  95  10:19  Drone x10  
Show
View Real Time Build Order
Export as new Build Order

PureLegacy Terran - Winner!

Build Orders:  

Get SALT Encoding   

  12  0:01  SCV  
  13  0:13  SCV  
  14  0:18  Supply Depot  
  14  0:25  SCV  
  15  0:31  Refinery  
  15  0:40  SCV  
  16  0:47  Barracks  
  16  0:52  SCV  
  17  1:07  Barracks  
  17  1:18  Barracks  
  17  1:23  SCV  
  18  1:34  Reaper  
  18  1:39  Orbital Command  
  19  1:47  Refinery  
  19  1:55  Reaper  
  19  2:00  Supply Depot  
  20  2:06  Reaper  
  21  2:10  Reaper  
  21  2:13  SCV  
  23  2:23  Supply Depot  
  23  2:26  SCV  
  23  2:29  Reaper  
  25  2:38  Reaper, SCV  
  27  2:48  Reaper  
  28  3:01  Reaper, SCV  
  30  3:10  Reaper  
  31  3:17  SCV, Command Center  
  32  3:23  Reaper  
  33  3:30  SCV  
  33  3:33  Engineering Bay  
  33  3:34  Reaper  
  35  3:43  Reaper  
  34  3:59  Reaper  
  35  4:03  Terran Infantry Weapons Level 1  
  35  4:05  Barracks  
  35  4:06  Barracks, SCV  
  36  4:12  Reaper  
  37  4:18  SCV  
  37  4:23  Reaper  
  38  4:31  SCV  
  40  4:38  Reaper  
  40  4:42  SCV  
  40  4:44  Reaper  
  42  4:59  Reaper  
  36  5:05  Reaper  
  36  5:06  Reaper, Orbital Command  
  38  5:08  Refinery  
  38  5:11  Refinery  
  38  5:13  Barracks  
  38  5:14  Barracks x2, Reaper  
  38  5:15  SCV  
  38  5:20  Reaper  
  41  5:28  Supply Depot, SCV  
  42  5:32  SCV  
  42  5:35  Reaper  
  44  5:40  Reaper  
  44  5:54  Reaper x2  
  46  5:58  Reaper  
  46  6:01  SCV x2  
  49  6:04  Terran Infantry Armor Level 1  
  49  6:05  Reaper  
  49  6:09  Reaper  
  51  6:13  Reaper, SCV x2  
  54  6:24  Reaper  
  52  6:31  Reaper x3  
  52  6:32  SCV x2  
  57  6:35  Reaper  
  58  6:43  Reaper  
  59  6:50  SCV x2  
  59  6:53  Supply Depot  
  59  6:54  Barracks x2, Reaper  
  61  6:56  Reaper  
  62  7:15  Reaper x4, SCV x2  
  68  7:25  Reaper x2  
  70  7:39  Supply Depot x2  
  70  7:40  Reaper  
  70  7:41  Reaper  
  70  7:42  Reaper  
  70  7:58  SCV  
  70  8:00  Reaper x4, SCV  
  70  8:01  Reaper  
  74  8:13  Barracks Tech Lab  
  74  8:14  Reaper x2  
  74  8:15  Reaper x2  
  74  8:18  Supply Depot  
  74  8:19  SCV x2  
  80  8:20  Command Center  
  80  8:32  Reaper  
  79  8:45  Reaper x3  
  67  9:04  SCV  
  67  9:05  SCV  
  66  9:18  Marine  
  66  9:19  Marine x6, Marauder  
  66  9:22  Factory  
  66  9:32  SCV x2  
  66  9:33  Orbital Command  
  66  9:37  Marine x2  
  66  9:38  Marine x6  
  72  9:40  Marauder  
  72  9:43  Marine  
  72  9:44  SCV x2  
  81  9:56  Supply Depot  
  81  9:58  Supply Depot, Barracks Tech Lab x2  
  81  10:00  SCV x3  
  81  10:01  Marauder  
  86  10:10  Marine x6  
  86  10:12  Factory Reactor, Starport  
  92  10:15  Armory  
  92  10:16  Engineering Bay  
  99  10:30  Command Center  
Show
View Real Time Build Order
Export as new Build Order

InfernoWolf Zerg - Winner!

Build Orders: Pool First 

Get SALT Encoding   

  12  0:02  Drone  
  13  0:11  Drone  
  14  0:17  Overlord  
  14  0:39  Drone, Spawning Pool  
  14  0:43  Drone  
  14  0:49  Drone  
  16  0:56  Drone  
  17  1:01  Overlord  
  17  1:12  Extractor  
  17  1:14  Overlord  
  16  1:26  Zergling x2  
  16  1:27  Queen  
  19  1:36  Drone  
  20  1:45  Zergling x2  
  21  1:56  Zergling x2  
  22  2:06  Zergling x2  
  23  2:11  Metabolic Boost  
  23  2:23  Zergling x2  
  24  2:36  Zergling x2  
  25  2:38  Drone  
  25  2:42  Queen  
  28  2:51  Zergling x6  
  31  3:00  Drone  
  32  3:43  Zergling x8  
  29  4:01  Zergling x4  
  29  4:10  Lair, Roach Warren  
  29  4:12  Zergling x2  
  29  4:38  Drone x3, Extractor  
  32  4:43  Hatchery  
  27  5:05  Roach  
  27  5:06  Roach x4  
  36  5:32  Overlord  
  36  5:33  Overlord x3  
  36  5:39  Drone  
  37  5:45  Spire  
  33  5:59  Glial Reconstitution  
  33  6:03  Roach x2  
  33  6:04  Roach x3  
  43  6:22  Zergling x2  
  44  6:27  Drone x3  
  47  6:38  Roach x2, Zergling x2  
  47  6:39  Roach  
  52  6:52  Roach  
  54  6:59  Overlord  
  54  7:05  Drone x3  
  53  7:25  Roach  
  53  7:26  Roach  
  57  7:34  Roach  
  59  7:53  Roach x2  
  55  8:19  Roach x2  
  45  8:31  Drone x3  
  40  8:35  Roach x2  
  44  8:45  Drone  
  45  8:53  Overlord  
  45  9:13  Roach x4  
  53  9:17  Drone  
  54  9:31  Mutalisk  
  54  9:32  Roach x2  
  54  9:33  Roach x2  
  54  9:35  Hatchery  
  63  9:45  Mutalisk x2  
  67  9:58  Mutalisk x4  
  77  10:28  Ravager x3  
  77  10:31  Ravager  
Tags
 
Add a new tag
Caveats
  • Supply blocks, unpowered buildings, or Contaminate may cause inaccurate times.
  • Supply counts are checked every 10 seconds.